 Dungeon Crawl Stone Soup version 0.32-a0-913-g739538afd8 (webtiles) character file.

Game seed: 1923791401468923710

7588 ezpacito the Trooper (level 11, -1/84 HPs)
             Began as a Coglin Chaos Knight on Apr 8, 2024.
             Was a Plaything of Xom.
             Slain by a manticore (4 damage)
             ... on level 11 of the Dungeon.
             The game lasted 00:16:25 (10858 turns).

ezpacito the Trooper (Coglin Chaos Knight)         Turns: 10858, Time: 00:16:26

Health: -1/84      AC: 13    Str: 13    XL:     11   Next: 17%
Magic:  16/16      EV: 12    Int: 14    God:    Xom [...*..]
Gold:   517        SH:  0    Dex: 18    Spells: 2/17 levels left

rFire   + . .        a - +1 hand axe (chaos) {Eunwoo}
rCold   + . .        m - +0 trident {Shi}
rNeg    + . .        g - +0 swamp dragon scales
rPois   +            (helmet restricted)
rElec   .            d - +2 ratskin cloak {*Rats rPois rN+ Str-1 Int-1 Dex+1}
rCorr   .            (no gloves)
SInv    .            q - +0 pair of boots
Will    .....        (amulet unavailable)
Stlth   ++           (ring unavailable)
HPRegen 0.34/turn    (ring unavailable)
MPRegen 0.15/turn    (no gizmo)

%: clarity
@: spiked, cleaving
A: off-hand wielding, slow wielding, warmup strikes, no jewellery, antennae 1,
agile 1, clarity, clever 1, cold resistance 1, fire resistance 1
a: Invent Gizmo, Renounce Religion


You were on level 11 of the Dungeon.
You worshipped Xom.
You were a favourite toy of Xom.
You visited 2 branches of the dungeon, and saw 12 of its levels.

You collected 712 gold pieces.
You spent 195 gold pieces at shops.

Inventory:

Hand Weapons
 a - a +1 hand axe of chaos (weapon) {Eunwoo}
 h - a +0 war axe
 m - a +0 trident (offhand) {Shi}
 C - a +2 hand axe
Missiles
 c - 3 darts of dispersal
 k - 39 poisoned darts (quivered)
 B - 9 boomerangs
Armour
 d - the +2 ratskin cloak (worn) {*Rats rPois rN+ Str-1 Int-1 Dex+1}
   (You found it on level 2 of the Dungeon)

   *Rats:     When the wearer is hurt, rats may emerge from it to assist them.
   Str-1:     It affects your strength (-1).
   Int-1:     It affects your intelligence (-1).
   Dex+1:     It affects your dexterity (+1).
   rPois:     It protects you from poison.
   rN+:       It protects you from negative energy.
 g - +0 swamp dragon scales (worn)
 q - a +0 pair of boots (worn)
 D - a +0 plate armour
Magical Staves
 w - a staff of earth
 A - a staff of death
Talismans
 b - the blade talisman "Nenemi" {rPois Int+2}
   (You found it on level 8 of the Dungeon)

   [blade talisman]

   Int+2:     It affects your intelligence (+2).
   rPois:     It protects you from poison.
 x - a serpent talisman
Wands
 u - a wand of flame (17)
Scrolls
 e - a scroll of brand weapon {unknown}
 f - 2 scrolls of noise
 j - 3 scrolls of amnesia
 o - a scroll of vulnerability {unknown}
 p - a scroll of fog
 r - a scroll of enchant weapon
 s - 2 scrolls of revelation {unknown}
 t - 6 scrolls of teleportation
 v - 2 scrolls of blinking {unknown}
 y - a scroll of poison
 z - 2 scrolls of immolation
Potions
 i - a potion of enlightenment
 l - 4 potions of brilliance
 n - a potion of lignification
 E - a potion of mutation


   Skills:
 * Level 7.0 Fighting
 * Level 7.0(8.1) Axes
 * Level 5.6(7.0) Polearms
 * Level 6.1 Armour
 * Level 5.7 Dodging
 + Level 3.8 Stealth
 + Level 3.6 Spellcasting
 + Level 1.3 Hexes
 + Level 2.8 Necromancy
 + Level 4.0 Alchemy
 + Level 4.7 Evocations


You had 2 spell levels left.
You knew the following spells:

 Your Spells              Type           Power      Damage    Failure   Level
a - Tukima's Dance        Hex            6%         N/A       54%         3
b - Olgreb's Toxic Radia  Alch           13%        N/A       58%         4
c - Dispel Undead         Necr           10%        3d9       75%         4
d - Anguish               Hex/Necr       4%         N/A       85%         4

Your spell library contained the following spells:

 Spells                   Type           Power      Damage    Failure   Level
 Kiss of Death            Conj/Necr      24%        2d7       22%         1
 Confusing Touch          Hex            6%         N/A       54%         3
 Frozen Ramparts          Ice            4%         1d1       75%         3
 Ozocubu's Armour         Ice            2%         N/A       75%         3
 Cause Fear               Hex            3%         N/A       91%         4
 Passage of Golubria      Tloc           2%         N/A       98%         4
 Yara's Violent Unravell  Hex/Alch       5%         3d4       98%         5
 Metabolic Englaciation   Hex/Ice        2%         N/A       100%        5
 Silence                  Hex/Air        2%         N/A       100%        5
 Enfeeble                 Hex            3%         N/A       100%        7
 Ozocubu's Refrigeration  Ice            1%         4d7       100%        7
 Discord                  Hex            3%         N/A       100%        8
 Lehudib's Crystal Spear  Conj/Erth      1%         10d2      100%        8


Dungeon Overview and Level Annotations

Branches:
Dungeon (11/15)            Temple (1/1) D:4            Lair (0/5) D:10
    Orc: D:9-12

Altars:
Ashenzari
Cheibriados
Dithmenos
Elyvilon
Fedhas
Gozag
Hepliaklqana
Kikubaaqudgha
Makhleb
Nemelex Xobeh
Okawaru
Qazlal
Ru
Sif Muna
Trog
Uskayaw
Vehumet
Wu Jian
Xom
Yredelemnul
Zin
The Shining One

Shops:
D:4 ?


Innate Abilities, Weirdness & Mutations

You can wield a second weapon in your off-hand.
It takes a long time for you to wield or remove held weapons.
Your first few attacks do less damage.
You cannot equip rings or amulets.
You have a pair of small antennae on your head.
You are agile. (Dex +4, Str/Int -1)
You possess an exceptional clarity of mind.
Your mind is acute. (Int +4, Str/Dex -1)
Your flesh is cold resistant. (rC+)
Your flesh is heat resistant. (rF+)


Message History

The manticore is moderately wounded.
You feel yourself speed up. "Go forth and cause havoc, mortal!"
Your +0 hand axe of chaos {Eunwoo} looks sharp (like it always does).
You are now a favourite toy of Xom.
Your river rat bites the manticore.
The manticore barely misses you. The manticore claws you!
* * * LOW HITPOINT WARNING * * *
The manticore barely misses you.
You take 8 damage, and have 10/84 hp.
You hit the manticore but do no damage.
The manticore is moderately wounded.
You hit the manticore with your +0 trident.
You feel a bit more experienced.
Your river rat bites the manticore.
The manticore bites you!
You die... "Hey, that's my teddy bear!"
Xom revives you!
The manticore claws you but does no damage.
The manticore claws you.
* * * LOW HITPOINT WARNING * * *
You take 8 damage, and have 2/84 hp.
Unknown command.
Okay, then.
Okay, then.
As you read the scroll labelled NONOFAOPOO, it crumbles to dust.
You hear a loud clanging noise!
It was a scroll of noise.
You hear an angry hiss.
You hear a horrible gurgling sound!
Your river rat bites the manticore.
The manticore bites you but does no damage.
The manticore claws you but does no damage.
The manticore closely misses you.
As you read the scroll labelled QYTUWNELICHI, it crumbles to dust.
It is a scroll of enchant weapon.
Your +0 hand axe of chaos {Eunwoo} glows red for a moment.
Your river rat bites the manticore but does no damage.
The manticore bites you.
You die...
Xom snickers!

#.# ##..
... ###
#..##
#...#....
........#
........#
.......@#
.......Hr#
.....#(....
....
####..# ...
.... <.
..... ( .
.#... .
.#... .


You could see a manticore (poisoned, ally target) and a friendly river rat.

Vanquished Creatures
  Maggie (D:8)
  A troll (D:10)
  3 hornets
  A shadow (D:11)
  4 yaks (D:8)
  A steam dragon (D:9)
  4 vampire mosquitoes (D:10)
  Menkaure (D:5)
  4 water moccasins
  An orc warrior (D:7)
  2 black bears
  An ice beast (D:8)
  A sky beast (D:6)
  3 ogres (D:5)
  3 centaurs
  2 lemures (D:7)
  2 kobold brigands
  2 scorpions (D:4)
  3 bullfrogs
  6 wights (D:8)
  4 killer bees (D:9)
  2 howler monkeys
  5 hounds
  A bombardier beetle (D:6)
  2 gnoll boudas
  2 jellies
  4 orc priests
  5 iguanas
  6 orc wizards
  8 gnolls
  9 adders
  A shadow imp (D:7)
  A white imp (D:8)
  3 ufetubi
  A dart slug (D:4)
  23 orcs
  5 endoplasms
  5 giant cockroaches
  6 goblins
  6 hobgoblins
  7 jackals (D:3)
  A quokka (D:2)
  6 ball pythons
  5 bats
  3 frilled lizards
  19 kobolds
  5 rats
191 creatures vanquished.

Vanquished Creatures (collateral kills)
  Pikel (D:8)
  A yak (D:8)
  A wraith (D:10)
  Eustachio (D:4)
  An acid dragon (shapeshifter) (D:7)
  An orc warrior (D:10)
  2 wolves (D:10)
  An ogre (D:5)
  A kobold brigand (D:10)
  2 wights (D:8)
  A gnoll bouda (D:6)
  An orc priest (D:5)
  2 orc wizards
  4 gnolls (D:6)
  An ufetubus (D:6)
  An orc (D:10)
  A kobold (D:4)
  A quokka (D:4)
24 creatures vanquished.

Vanquished Creatures (others)
  A killer bee (D:9)
  An orc zombie (D:8)
2 creatures vanquished.

Grand Total: 217 creatures vanquished

Notes
Turn   | Place    | Note
-------+----------+-------------------------------------------
     0 | D:1      | ezpacito the Coglin Chaos Knight began the quest for the
                  | Orb.
     0 | D:1      | Reached XP level 1. HP: 18/18 MP: 1/1
    79 | D:1      | Reached skill level 1 in Dodging
   155 | D:1      | Reached XP level 2. HP: 24/24 MP: 2/2
   574 | D:1      | Reached XP level 3. HP: 29/29 MP: 3/3
   583 | D:1      | XOM: cloud trail
   701 | D:1      | XOM: silly message
   733 | D:1      | XOM: silly message
   822 | D:1      | XOM: cloud trail
   983 | D:2      | Found the +2 ratskin cloak {*Rats rPois rN+ Str-1 Int-1
                  | Dex+1}
  1015 | D:2      | XOM: scenery: 1 doors open
  1186 | D:2      | XOM: 3-stop teleportation journey
  1242 | D:2      | Reached skill level 1 in Polearms
  1509 | D:2      | XOM: divination: detect creatures
  1632 | D:2      | Reached XP level 4. HP: 35/35 MP: 5/5
  1977 | D:3      | XOM: noise
  2172 | D:3      | Found a sacrificial altar of Ru.
  2237 | D:3      | Reached skill level 1 in Spellcasting
  2335 | D:3      | XOM is BORED!
  2371 | D:3      | You fall into a shaft and drop 1 floor!
  2415 | D:4      | Found a staircase to the Ecumenical Temple.
  2564 | D:3      | Found an opulent altar of Gozag.
  2843 | D:4      | Noticed a scorpion
  2846 | D:4      | Killed a scorpion
  2847 | D:4      | Reached XP level 5. HP: 39/41 MP: 6/6
  2852 | D:4      | Reached skill level 1 in Stealth
  2894 | D:4      | XOM: confuse monster(s)
  2902 | D:4      | Reached XP level 6. HP: 48/48 MP: 6/8
  2930 | D:4      | Found The Oracle's Delphic Readings.
  2934 | D:4      | Bought a scroll of identify for 26 gold pieces
  2934 | D:4      | Bought a scroll of fog for 52 gold pieces
  2934 | D:4      | Bought 3 scrolls of teleportation for 117 gold pieces
  2938 | D:4      | Learned a level 3 spell: Tukima's Dance
  2943 | D:4      | Learned a level 4 spell: Olgreb's Toxic Radiance
  3013 | D:4      | Noticed Eustachio
  3021 | D:4      | XOM: cast spell 'Alistair's Intoxication'
  3029 | D:4      | Killed Eustachio
  3212 | D:4      | Found a white marble altar of Elyvilon.
  3487 | Temple   | Entered the Ecumenical Temple
  3507 | D:5      | Entered Level 5 of the Dungeon
  3511 | D:5      | Reached XP level 7. HP: 54/54 MP: 9/9
  3534 | D:5      | XOM: butterfly on damage
  3548 | D:5      | Reached skill level 1 in Alchemy
  3548 | D:5      | Reached skill level 1 in Evocations
  3783 | D:5      | XOM: divination: magic mapping
  3789 | D:5      | Reached XP level 8. HP: 59/61 MP: 10/10
  3957 | D:5      | Noticed Menkaure
  3965 | D:5      | Killed Menkaure
  4023 | D:5      | XOM: torment (21/61 hp)
  4288 | D:5      | Found a snail-covered altar of Cheibriados.
  4290 | D:5      | Found a hazy altar of Hepliaklqana.
  4423 | D:5      | XOM: confusion (+ monsters)
  4438 | D:5      | XOM: cleaving
  4565 | D:5      | Found a sparkling altar of Nemelex Xobeh.
  4817 | D:6      | Reached skill level 5 in Fighting
  4817 | D:6      | HP: 2/62 [gnoll/+2 halberd of freezing[a gnoll bouda] (3)]
  4833 | D:6      | Reached skill level 5 in Axes
  4995 | D:6      | XOM: 2-stop teleportation journey
  5352 | D:6      | Reached XP level 9. HP: 49/68 MP: 12/12
  5597 | D:6      | XOM: scenery: 1 doors open
  5823 | D:6      | Learned a level 4 spell: Dispel Undead
  5944 | D:7      | Found a shimmering altar of Xom.
  5967 | D:7      | Identified the amulet of Juun {Faith rElec Will+}
  6010 | D:7      | XOM: confuse monster(s)
  6070 | D:7      | XOM: polymorph centaur -> shapeshifter
  6087 | D:7      | XOM: god gift: 7 stones
  6151 | D:7      | XOM: god gift: wand of flame (5)
  6228 | D:7      | Found an iron altar of Okawaru.
  6313 | D:7      | XOM: divination: detect items
  6398 | D:7      | XOM: scenery: 1 doors close
  6410 | D:7      | Found a shimmering blue altar of Sif Muna.
  6419 | D:7      | Found a burning altar of Makhleb.
  6552 | D:7      | XOM: silly message
  6564 | D:7      | XOM: chaos upgrade
  6611 | D:7      | Reached skill level 1 in Necromancy
  6678 | D:7      | XOM: 2-stop teleportation journey
  6855 | D:7      | XOM: smoke on damage
  6877 | D:7      | XOM: summons 5 hostile demons
  7020 | D:7      | Found a broken altar of Ashenzari.
  7172 | D:8      | Noticed Pikel
  7173 | D:8      | XOM: draining
  7319 | D:8      | Killed Pikel
  7320 | D:8      | Reached skill level 5 in Armour
  7327 | D:8      | Reached XP level 10. HP: 39/76 MP: 14/14
  7343 | D:8      | XOM: confusion
  7402 | D:8      | XOM: summons 6 hostile demons
  7577 | D:8      | XOM: draining
  7623 | D:8      | XOM: 2-stop teleportation journey
  7628 | D:8      | XOM: smoke on damage
  7631 | D:8      | Paralysed by a hornet for 2 turns
  7632 | D:8      | XOM: summons 4 hostile shadow creatures
  7635 | D:8      | Noticed Maggie
  7666 | D:8      | XOM: summons 4 friendly demons
  7679 | D:8      | Killed Maggie
  7694 | D:8      | HP: 3/76 [hornet (13)]
  7697 | D:8      | Reached skill level 5 in Dodging
  7953 | D:8      | Found an ancient bone altar of Kikubaaqudgha.
  7953 | D:8      | XOM: enchant monster (bad)
  7976 | D:8      | Identified the blade talisman "Nenemi" {rPois Int+2}
  8231 | D:8      | XOM: give mutations
  8231 | D:8      | Gained mutation: You are occasionally teleported next to
                  | monsters. [Xom's mischief]
  8231 | D:8      | Gained mutation: Your health recovers twice as slowly from
                  | being drained. [Xom's mischief]
  8231 | D:8      | Gained mutation: Armour fits poorly on your strangely
                  | shaped body. [Xom's mischief]
  8231 | D:8      | Lost mutation: You are occasionally teleported next to
                  | monsters. [Xom's mischief]
  8232 | D:8      | Lost mutation: Your health recovers twice as slowly from
                  | being drained. [potion of mutation]
  8232 | D:8      | Lost mutation: Armour fits poorly on your strangely shaped
                  | body. [potion of mutation]
  8232 | D:8      | Gained mutation: You are vulnerable to cold. (rC-) [potion
                  | of mutation]
  8232 | D:8      | Gained mutation: You have a pair of small antennae on your
                  | head. [potion of mutation]
  8232 | D:8      | Gained mutation: You are agile. (Dex +4, Str/Int -1)
                  | [potion of mutation]
  8348 | D:8      | Found a glowing golden altar of the Shining One.
  8358 | D:8      | XOM: summons 6 hostile demons
  8408 | D:8      | XOM: scenery: 1 doors close
  8423 | D:8      | Reached skill level 5 in Polearms
  8427 | D:8      | XOM: fog
  8432 | D:8      | HP: 3/77 [yak (3)]
  8524 | D:7      | XOM: cloud trail
  8575 | D:7      | XOM: scenery: create altars
  8683 | D:8      | Learned a level 4 spell: Anguish
  8709 | D:8      | XOM: summons 10 friendly demons
  8717 | D:8      | XOM: 2-stop teleportation journey
  8820 | D:8      | XOM: give mutation
  8820 | D:8      | Gained mutation: Your mind is acute. (Int +4, Str/Dex -1)
                  | [Xom's grace]
  9000 | D:9      | XOM: scenery: 1 doors open
  9006 | D:9      | XOM: confusion (+ monsters)
  9073 | D:9      | XOM: cloud trail
  9444 | D:9      | Found a stormy altar of Qazlal.
  9598 | D:9      | XOM: god gift: 4 stones
  9980 | D:10     | Entered Level 10 of the Dungeon
 10076 | D:10     | XOM: enchant monster (good)
 10077 | D:10     | XOM: smoke on damage
 10078 | D:10     | Reached skill level 1 in Hexes
 10078 | D:10     | Reached XP level 11. HP: 45/83 MP: 16/16
 10281 | D:10     | Found a staircase to the Lair.
 10314 | D:10     | XOM: give mutations
 10314 | D:10     | Lost mutation: You are vulnerable to cold. (rC-) [Xom's
                  | grace]
 10314 | D:10     | Gained mutation: Your flesh is cold resistant. (rC+) [Xom's
                  | grace]
 10314 | D:10     | Gained mutation: Your flesh is heat resistant. (rF+) [Xom's
                  | grace]
 10314 | D:10     | Gained mutation: You possess an exceptional clarity of
                  | mind. [Xom's grace]
 10330 | D:10     | XOM: 5-stop teleportation journey
 10816 | D:11     | Noticed a boulder beetle
 10817 | D:11     | XOM: cast spell 'Dispersal'
 10853 | D:11     | Noticed a manticore
 10855 | D:11     | XOM: cleaving
 10856 | D:11     | Xom revived you
 10856 | D:11     | HP: 2/84 [manticore (2)]
 10858 | D:11     | Slain by a manticore

Illustrated notes

Levels and vault maps discovered:
D:1:      zaba_arrival_water, layout_basic
D:2:      minmay_spotlight, layout_loops_corners, dreamdust_mushroom_princess
D:3:      layout_loops_ring, nicolae_gozag_cash_rules_everything_around_me,
          nicolae_ru_path_of_blood, serial_rivers,
          chequers_serial_rivers_micro_e, chequers_serial_rivers_large_b,
          chequers_serial_rivers_small_b, chequers_serial_rivers_large_a
D:4:      layout_loops_cross, elyvilon_altar_3, minmay_temple_entry_trees,
          serial_bayou_ford_a, nicolae_nh_oracle_at_delphi, uniq_eustachio
D:5:      layout_basic, mainiacjoe_overflow_catwalk_spiral, lemuel_round_altar,
          minmay_misc_feat_room, minmay_starry_boxes, uniq_menkaure
D:6:      layout_loops_corners, minmay_misc_feat_chi
D:7:      layout_basic, okawaru_gym_becter, lemuel_tele_altar,
          mainiacjoe_overflow_swirl, amcnicky_altar_gilded, minmay_misc_feat_x,
          st_stairs_5
D:8:      layout_rooms, kiku_gazebo_garden_becter,
          nicolae_tso_swordbearing_angel, uniq_maggie, uniq_pikel
D:9:      layout_basic, nicolae_qazlal_general_emergency
D:10:     layout_cave_pools, erik_lair_orcish_takeover
D:11:     layout_cave_pools, serial_shops, shop
Temple:   hellmonk_temple_beads

Skill      XL: |  1  2  3  4  5  6  7  8  9 10 11 |
---------------+----------------------------------+-----
Dodging        | 1 2 3 4 5 |  5.7
Armour         | 2 3 4 5 6 |  6.1
Polearms       | 1 2 3 4 5 |  5.6
Spellcasting   | 1 2 3 |  3.6
Stealth        | 1 2 3 |  3.8
Fighting       | 4 5 6 7 |  7.0
Axes           | 4 5 6 7 |  7.0
Alchemy        | 1 2 3 4 |  4.0
Evocations     | 1 2 3 4 |  4.7
Necromancy     | 1 2 |  2.8
Hexes          | 1 |  1.3

Action                     |  1- 3 |  4- 6 |  7- 9 | 10-12 || total
---------------------------+-------+-------+-------+-------++-------
  Melee: Hand axe          |    57 |    58 |   218 |   244 ||   577
         Dagger            |    47 |    22 |       |       ||    69
         Trident           |       |    44 |   264 |   280 ||   588
  Throw: Dart              |       |       |     1 |    10 ||    11
  Evoke: Wand              |       |       |     1 |     5 ||     6
    Use: Potion            |       |       |     5 |     7 ||    12
         Scroll            |       |       |    11 |    10 ||    21
   Stab: Sleeping          |     3 |     3 |    10 |     3 ||    19
         Held in net/web   |     1 |       |       |       ||     1
         Confused          |       |     2 |     4 |     2 ||     8
         Distracted        |       |       |     1 |     4 ||     5
         Petrifying        |       |       |       |     2 ||     2
         Paralysed         |       |       |       |     2 ||     2
 Armour: Leather armour    |    29 |    32 |   208 |    45 ||   314
         Skin              |       |       |    27 |       ||    27
         Swamp dragon scal |       |       |       |   244 ||   244
  Dodge: Dodged            |    20 |    32 |   215 |   220 ||   487

Table legend: (Time is in decaauts)
 A = Elapsed time spent in this place.
 B = Non-inter-level travel time spent in this place.
 C = Inter-level travel time spent in this place.
 D = Time resting spent in this place.
 E = Time spent auto-exploring this place.
 F = Levels seen in this place.
 G = Mean time per level.
                   A        B        C        D        E       F      G
               +--------+--------+--------+--------+--------+-----+--------+
         Total |  10935 |  10548 |    387 |    934 |   7827 |  12 |  911.2 |
       Dungeon |  10934 |  10547 |    387 |    934 |   7827 |  11 |  994.0 |
        Temple |      1 |      1 |      0 |      0 |      0 |   1 |    1.0 |
               +--------+--------+--------+--------+--------+-----+--------+

Top non-repeatable levels by time:
     D:7: 1721 daAuts
     D:8: 1304 daAuts
     D:5: 1206 daAuts
     D:6: 1153 daAuts
     D:9: 1074 daAuts
     D:1: 970 daAuts
     D:2: 962 daAuts
     D:3: 872 daAuts
    D:10: 787 daAuts
     D:4: 767 daAuts
    D:11: 112 daAuts
  Temple: 1 daAuts
